 Dungeon Crawl Stone Soup version 0.26-a0-667-g92642533e4 (webtiles) character file.

Game seed: 3896981472631490406

236566 marklar909 the Bludgeoner (level 19, -9/149 HPs)
             Began as a Formicid Abyssal Knight on Oct 16, 2020.
             Was the Champion of Lugonu.
             Killed from afar by a deep elf annihilator (37 damage)
             ... with an iron shot
             ... on level 1 of the Elven Halls.
             The game lasted 01:55:10 (48238 turns).

marklar909 the Bludgeoner (FoAK)                   Turns: 48238, Time: 01:55:11

Health: -9/149     AC: 45    Str: 24    XL:     19   Next: 97%
Magic:  24/28      EV: 17    Int: 12    God:    Lugonu [******]
Gold:   2248       SH: 19    Dex: 17    Spells: 18/18 levels left

rFire    . . .     SeeInvis +   a - +2 eveningstar (drain)
rCold    . . .     Faith    .   c - +0 kite shield {AC+3}
rNeg     . . .     Spirit   .   T - +15 Maxwell's patent armour {-Cast -Tele rElec MR+ rCorr}
rPois    .         Reflect  +   (helmet unavailable)
rElec    +         Harm     .   g - +2 cloak {Stlth+}
rCorr    +         Rampage  .   j - +3 pair of gauntlets of War {Slay+5}
MR       ++...     NoCast   +   R - +2 pair of boots
Stlth    ..........             n - amulet of reflection
HPRegen  0.34/turn              d - +4 ring of evasion
MPRegen  0.21/turn              C - +6 ring of dexterity

@: lethally poisoned (-9 -> -10)
A: permanent stasis, dig shafts and tunnels, four strong arms, antennae 3
}: 2/15 runes: decaying, serpentine
a: Dig, Shaft Self, Depart the Abyss, Bend Space, Banish, Corrupt, Enter the
Abyss, Brand Weapon With Distortion, Renounce Religion


You were on level 1 of the Elven Halls.
You worshipped Lugonu.
Lugonu was exalted by your worship.
You visited 6 branches of the dungeon, and saw 31 of its levels.
You visited the Abyss 1 time.
You also visited: Ice Cave.

You collected 4133 gold pieces.
You spent 1885 gold pieces at shops.

Inventory:

Hand Weapons
 a - a +2 eveningstar of draining (weapon)
 b - a +2 arbalest of freezing
Missiles
 l - 152 poisoned darts (quivered)
 m - 320 bolts
Armour
 c - a +0 kite shield of protection (worn)
 g - a +2 cloak of stealth (worn)
 j - the +3 pair of gauntlets of War (worn) {Slay+5}
   (You found it on level 2 of the Lair of Beasts)

   It affects your accuracy and damage with ranged weapons and melee attacks
   (+5).
 R - a +2 pair of boots (worn)
 T - the +15 Maxwell's patent armour (worn) {-Cast -Tele rElec MR+ rCorr}
   (You found it in an ice cave)

   It insulates you from electricity.
   It affects your resistance to hostile enchantments.
   It prevents spellcasting.
   It prevents most forms of teleportation.
   It provides partial protection from all sources of acid and corrosion.
Jewellery
 d - a +4 ring of evasion (left hand)
 i - an uncursed ring of ice
 n - an amulet of reflection (around neck)
 C - a +6 ring of dexterity (right hand)
 F - an uncursed ring of resist corrosion
 Q - an uncursed ring of protection from fire
Wands
 B - a wand of acid (13)
 G - a wand of iceblast (38)
 O - a wand of disintegration (12)
 Z - a wand of paralysis (16)
Scrolls
 e - 3 scrolls of fog
 f - 10 scrolls of remove curse
 k - 4 scrolls of immolation
 o - 13 scrolls of identify
 x - 6 scrolls of magic mapping
 y - 8 scrolls of enchant weapon
 E - 6 scrolls of amnesia
 I - a scroll of holy word
 M - a scroll of acquirement
 N - 5 scrolls of fear
Potions
 p - 2 potions of cancellation
 q - 6 potions of curing
 r - 4 potions of resistance
 t - 3 potions of stabbing
 u - 2 potions of magic
 w - 7 potions of might
 z - 5 potions of brilliance
 A - a potion of lignification
 D - a potion of ambrosia
 K - 2 potions of mutation
 S - a potion of heal wounds


   Skills:
 + Level 13.0 Fighting
 + Level 15.6 Maces & Flails
 * Level 14.9 Crossbows
 - Level 6.8 Throwing
 * Level 13.2 Armour
 + Level 9.0 Dodging
 + Level 6.1 Stealth
 + Level 14.8 Shields
 * Level 12.5 Invocations
 + Level 2.4 Evocations


You had 18 spell levels left.
You didn't know any spells.
Your spell library contained the following spells:

 Spells                   Type           Power        Failure   Level
 Animate Skeleton         Necr           #.....       96%         1
 Apportation              Tloc           #.....       96%         1
 Corona                   Hex            #......      96%         1
 Shock                    Conj/Air       #...         96%         1
 Summon Small Mammal      Summ           #...         96%         1
 Corpse Rot               Necr/Air       N/A          99%         2
 Poisonous Vapours        Pois/Air       #.....       99%         2
 Searing Ray              Conj           #.....       99%         2
 Sublimation of Blood     Necr           #.........   99%         2
 Gell's Gravitas          Tloc           #.........   100%        3
 Ignite Poison            Fire/Tmut/Pois #.......     100%        3
 Inner Flame              Hex/Fire       #.......     100%        3
 Lesser Beckoning         Tloc           #.........   100%        3
 Portal Projectile        Hex/Tloc       #.....       100%        3
 Cause Fear               Hex            #.........   100%        4
 Ice Form                 Ice/Tmut       #.......     100%        4
 Petrify                  Tmut/Erth      #.......     100%        4
 Alistair's Intoxication  Tmut/Pois      #........    100%        5
 Fireball                 Conj/Fire      #.........   100%        5
 Irradiate                Conj/Tmut      #.........   100%        5
 Metabolic Englaciation   Hex/Ice        #.........   100%        5
 Silence                  Hex/Air        #.........   100%        5
 Yara's Violent Unravell  Hex/Tmut       #.........   100%        5
 Dispersal                Tloc           #.........   100%        6
 Eringya's Noxious Bog    Tmut/Pois      #.........   100%        6
 Freezing Cloud           Conj/Ice/Air   #.........   100%        6
 Invisibility             Hex            #.......     100%        6
 Iron Shot                Conj/Erth      #.........   100%        6
 Ozocubu's Refrigeration  Ice            #.........   100%        6
 Simulacrum               Ice/Necr       #.........   100%        6
 Starburst                Conj/Fire      #.........   100%        6
 Discord                  Hex            #.........   100%        8
 Disjunction              Tloc           #.........   100%        8


Dungeon Overview and Level Annotations

Branches:
Dungeon (14/15)            Temple (0/1) D:6            Lair (6/6) D:10
  Swamp (4/4) Lair:2        Snake (4/4) Lair:2        Slime (0/5) Lair:5
    Orc (2/2) D:9             Elf (1/3) Orc:2        Vaults (0/5) D:14
  IceCv (visited)

Altars:
Ashenzari
Dithmenos
Hepliaklqana
Nemelex Xobeh
Okawaru
Qazlal
Vehumet
Wu Jian
Xom
Zin
The Shining One
Beogh

Shops:
D:6 (   D:12 [   Orc:2 [([?   Snake:4 :

Portals:
Trove: D:12 (give +7 demon trident)

Annotations:
D:13 Jorgrun


Innate Abilities, Weirdness & Mutations

You cannot be hasted, slowed, berserked, paralysed or teleported.
You can dig through walls and to a lower floor.
Your four strong arms can wield two-handed weapons with a shield.
You have a pair of large antennae on your head. (SInv)


Message History

The deep elf mage gestures at you while chanting.
The bolt of magma hits you.
* * * LOW HITPOINT WARNING * * *
You puncture the deep elf annihilator!
The deep elf annihilator is severely wounded.
You block the deep elf annihilator's attack.
Unknown command.
Evoke which item? (* to show all) (? for menu, Esc to quit)
Okay, then.
Press: ? - help, Shift-Dir - straight line, f - deep elf mage
Aim: a deep elf mage, wielding a +0 rapier (chance to defeat MR: 76%)
The deep elf mage is devoured by a tear in reality.
Lugonu claims a new guest.
You block the deep elf annihilator's attack.
Unknown command.
You bludgeon the deep elf annihilator!!
The deep elf annihilator is almost dead.
The deep elf annihilator gestures at you while chanting.
The iron shot hits you!!!
You die...

......
.....#...#
.#....#...#
......#...#####
###...........#
..#.........(.#
.#......§§...#
.#.#.)###§##
.#.#.#)()#@#
#.#.#(§§#e#
....#.#...#.#
..###..###(##
#.#...##
#.##### . #.


You could see a deep elf annihilator (drained).

Vanquished Creatures
  the Lernaean hydra (Swamp:3)
  Saint Roka (Orc:2)
  Vashnia (Snake:2)
  A thorn hunter (Swamp:2)
  11 nagarajas
  A very ugly thing (Swamp:2)
  A dire elephant (Lair:6)
  Josephine (D:13)
  8 vault guards (D:14)
  19 naga warriors
  An ice dragon (Lair:6)
  2 boulder beetles
  Harold (D:7)
  2 ghost crabs (Swamp:4)
  24 hydras
  A shambling mangrove (Swamp:1)
  16 anacondas
  6 two-headed ogres
  7 alligators
  2 catoblepae (Lair:6)
  18 naga sharpshooters
  6 death yaks (Lair:3)
  6 shock serpents
  A deep elf knight (Elf:1)
  An unseen horror (D:10)
  A salamander mystic (Snake:4)
  13 naga ritualists
  9 swamp dragons (Swamp:4)
  A deep elf archer (Elf:1)
  An orange crystal statue (D:14)
  3 lindwurms (Lair:6)
  Pikel (D:5)
  A wolf spider zombie (D:14)
  A necromancer (IceCv)
  2 orc knights (Orc:2)
  4 deep elf magi
  A cyclops (D:13)
  4 manticores
  7 mana vipers
  10 salamanders
  40 black mambas
  11 guardian serpents
  6 wyverns
  4 centaur zombies
  31 naga magi
  2 ice statues (IceCv)
  9 elephants
  19 cane toads
  5 torpor snails (Lair:6)
  2 gargoyles
  3 rime drakes (Lair:6)
  Maggie (Lair:2)
  A kobold demonologist (D:13)
  11 komodo dragons
  An efreet (D:14)
  8 ice devils (IceCv)
  A tengu conjurer (D:14)
  15 hornets
  A polar bear (shapeshifter) (D:14)
  13 tyrant leeches
  5 bog bodies
  3 trolls
  12 blink frogs
  Grinder (D:5)
  15 slime creatures
  5 spriggans
  A shadow (D:14)
  58 yaks
  5 wraiths
  2 basilisks
  14 vampire mosquitoes
  2 wargs
  Edmund (D:4)
  18 insubstantial wisps (Swamp:4)
  10 swamp worms
  2 acid dragons (D:14)
  56 nagas
  12 water moccasins
  35 orc warriors
  11 swamp drakes
  3 ice beasts
  6 sky beasts
  4 black bears
  A necrophage (D:12)
  An eye of draining (D:13)
  9 ogres
  4 boggarts (D:14)
  10 centaurs
  2 lemures (D:5)
  A big kobold (D:12)
  24 bullfrogs
  A wyvern skeleton (D:12)
  4 scorpions
  3 killer bees (D:10)
  6 wights
  4 howler monkeys
  2 electric eels
  3 draconian simulacra (IceCv)
  6 hounds
  4 jellies
  A bullfrog zombie (D:10)
  4 centaur skeletons
  15 orc priests
  3 iguanas
  20 orc wizards
  13 worker ants
  2 troll simulacra (IceCv)
  A centaur simulacrum (IceCv)
  3 hound zombies
  15 adders
  2 naga simulacra (IceCv)
  2 ogre simulacra (IceCv)
  4 shadow imps
  5 white imps
  2 ufetubi
  2 oozes
  An adder zombie (D:8)
  3 worms
  2 dart slugs
  5 leopard geckos
  92 orcs
  A ball python (D:1)
  4 giant cockroaches
  3 goblins
  7 hobgoblins
  4 jackals (D:7)
  4 quokkas
  5 bats
  3 frilled lizards
  A jackal zombie (D:6)
  11 kobolds
  A quokka zombie (D:5)
  6 rats
995 creatures vanquished.

Vanquished Creatures (collateral kills)
  A komodo dragon (D:10)
1 creature vanquished.

Vanquished Creatures (others)
  A manticore (D:14)
  A swamp drake (Swamp:4)
  2 orcs (D:13)
  A bush (Lair:6)
  45 fungi
  49 plants
99 creatures vanquished.

Grand Total: 1095 creatures vanquished

Notes
Turn   | Place    | Note
-------+----------+-------------------------------------------
     0 | Abyss:1  | marklar909 the Formicid Abyssal Knight began the quest for
                  | the Orb.
     0 | Abyss:1  | Reached XP level 1. HP: 18/18 MP: 2/2
    28 | Abyss:1  | Noticed a hellwing
    39 | Abyss:1  | Noticed a fire bat
    40 | D:1      | Escaped the Abyss
   588 | D:1      | Reached XP level 2. HP: 24/24 MP: 3/3
   593 | D:1      | Reached * piety under Lugonu
  1412 | D:2      | Reached XP level 3. HP: 28/30 MP: 4/4
  1529 | D:2      | Reached skill level 1 in Dodging
  1872 | D:2      | Reached XP level 4. HP: 14/37 MP: 5/5
  3134 | D:2      | Reached skill level 3 in Maces & Flails
  3134 | D:2      | Reached XP level 5. HP: 33/42 MP: 6/6
  3953 | D:3      | Found a glowing golden altar of the Shining One.
  3995 | D:3      | Reached ** piety under Lugonu
  4325 | D:3      | Found a glowing silver altar of Zin.
  4442 | D:4      | Reached skill level 4 in Maces & Flails
  4442 | D:4      | Reached XP level 6. HP: 48/48 MP: 7/7
  4692 | D:4      | Noticed Edmund
  4710 | D:4      | Killed Edmund
  4710 | D:4      | Reached skill level 1 in Shields
  4951 | D:4      | Noticed a black bear
  4969 | D:4      | Killed a black bear
  4969 | D:4      | Reached XP level 7. HP: 21/54 MP: 8/8
  5299 | D:5      | Entered Level 5 of the Dungeon
  5309 | D:4      | Reached skill level 5 in Maces & Flails
  5560 | D:5      | Reached skill level 1 in Stealth
  5658 | D:5      | Found a shadowy altar of Dithmenos.
  5729 | D:5      | Reached skill level 1 in Throwing
  5729 | D:5      | Reached XP level 8. HP: 52/61 MP: 9/9
  5966 | D:5      | Noticed Pikel
  5969 | D:5      | Noticed Grinder
  5984 | D:5      | Killed Pikel
  5984 | D:5      | Reached skill level 6 in Maces & Flails
  5984 | D:5      | Reached skill level 5 in Armour
  6134 | D:5      | Killed Grinder
  6134 | D:5      | Reached skill level 5 in Fighting
  6403 | D:5      | Found a sparkling altar of Nemelex Xobeh.
  6650 | D:6      | Reached XP level 9. HP: 68/68 MP: 9/11
  6898 | D:6      | Found a shimmering altar of Xom.
  6898 | D:6      | Found a shimmering altar of Xom.
  6898 | D:6      | Found a shimmering altar of Xom.
  7007 | D:6      | Reached *** piety under Lugonu
  7173 | D:6      | Found a shimmering altar of Xom.
  7173 | D:6      | Found a shimmering altar of Xom.
  7175 | D:6      | Found a shimmering altar of Xom.
  7393 | D:6      | Found Kicex's Antique Weapon Emporium.
  7555 | D:6      | Found a staircase to the Ecumenical Temple.
  7839 | D:7      | Found a hazy altar of Hepliaklqana.
  7841 | D:7      | Reached skill level 7 in Maces & Flails
  7943 | D:7      | Found a stormy altar of Qazlal.
  8226 | D:7      | Noticed Harold
  8253 | D:7      | Killed Harold
  8253 | D:7      | Reached skill level 5 in Shields
  8253 | D:7      | Reached skill level 5 in Invocations
  8253 | D:7      | Reached XP level 10. HP: 51/76 MP: 13/13
  9498 | D:8      | Reached skill level 8 in Maces & Flails
  9625 | D:8      | Found a broken altar of Ashenzari.
 10070 | D:8      | Reached **** piety under Lugonu
 11428 | D:9      | Reached skill level 9 in Maces & Flails
 11765 | D:9      | Found a staircase to the Orcish Mines.
 11955 | D:10     | Entered Level 10 of the Dungeon
 12012 | D:10     | Noticed an unseen horror
 12021 | D:10     | Killed an unseen horror
 12021 | D:10     | Reached XP level 11. HP: 75/83 MP: 15/15
 12188 | D:10     | Noticed a two-headed ogre
 12229 | D:10     | Killed a two-headed ogre
 12229 | D:10     | Reached skill level 5 in Throwing
 12458 | D:10     | Found an ornate altar of the Wu Jian Council.
 12624 | D:10     | Noticed a two-headed ogre
 12718 | D:10     | Killed a two-headed ogre
 13042 | D:10     | Reached skill level 10 in Maces & Flails
 13053 | D:10     | Reached ***** piety under Lugonu
 13516 | D:10     | Found a staircase to the Lair.
 14090 | D:11     | Found a radiant altar of Vehumet.
 14333 | D:11     | Reached skill level 1 in Evocations
 14851 | D:12     | Noticed a manticore
 14919 | D:11     | Reached skill level 1 in Crossbows
 15081 | D:12     | Found a portal to a secret trove of treasure.
 15115 | D:12     | Reached XP level 12. HP: 48/91 MP: 17/17
 16334 | D:12     | Noticed a seven-headed hydra
 16627 | Lair:1   | Entered Level 1 of the Lair of Beasts
 17887 | Lair:2   | Found a staircase to the Swamp.
 18093 | Lair:2   | Found a frozen archway.
 18204 | IceCv    | Entered an ice cave
 19930 | IceCv    | Reached skill level 11 in Maces & Flails
 20244 | IceCv    | Found the +15 Maxwell's patent armour {-Cast -Tele rElec
                  | MR+ rCorr}
 20244 | IceCv    | Found the +8 mithril axe "Arga" {speed, MR+}
 20272 | IceCv    | Got a wizard robe
 20396 | Lair:2   | Noticed Maggie
 20408 | Lair:2   | Killed Maggie
 20408 | Lair:2   | Reached skill level 5 in Stealth
 20466 | Lair:2   | Found the +3 pair of gauntlets of War {Slay+5}
 20663 | D:10     | Identified a scroll of acquirement
 20663 | D:10     | Acquired a +0 kite shield of protection
 20962 | Lair:2   | Reached XP level 13. HP: 94/98 MP: 18/18
 20978 | Lair:2   | Reached skill level 5 in Crossbows
 21085 | Lair:2   | Noticed a five-headed hydra
 21106 | Lair:2   | Killed a five-headed hydra
 21283 | Lair:2   | Found a staircase to the Snake Pit.
 22120 | Lair:3   | Reached skill level 10 in Shields
 22225 | Lair:3   | Reached skill level 12 in Maces & Flails
 22548 | Lair:3   | Reached skill level 5 in Dodging
 22727 | Lair:3   | Noticed a five-headed hydra
 22738 | Lair:3   | Killed a five-headed hydra
 22816 | Lair:3   | Identified the Collected Works on the Twisted Blaze
 23535 | Lair:4   | Reached XP level 14. HP: 108/108 MP: 19/19
 23922 | Lair:4   | Reached ****** piety under Lugonu
 24841 | Lair:5   | Found a staircase to the Slime Pits.
 24996 | Lair:5   | Reached skill level 13 in Maces & Flails
 25864 | Lair:6   | Entered Level 6 of the Lair of Beasts
 26681 | Lair:6   | Reached skill level 10 in Fighting
 27056 | Lair:6   | Reached XP level 15. HP: 73/115 MP: 20/20
 27541 | Lair:6   | Identified the Catalogue of Captivating Feathers
 27621 | Lair:6   | Found a runed translucent door.
 28594 | D:10     | Acquired a +2 eveningstar of draining
 28659 | Orc:1    | Entered Level 1 of the Orcish Mines
 28718 | Orc:1    | You fall into a shaft and drop 1 floor!
 28718 | Orc:2    | Entered Level 2 of the Orcish Mines
 29342 | Orc:2    | Found a roughly hewn altar of Beogh.
 29414 | Orc:2    | Found a staircase to the Elven Halls.
 29445 | Orc:2    | Found a roughly hewn altar of Beogh.
 29488 | Orc:2    | Found a roughly hewn altar of Beogh.
 29563 | Orc:2    | Found a roughly hewn altar of Beogh.
 29858 | Orc:2    | Found Hucwutwe's Antique Armour Shop.
 30257 | Orc:2    | Reached skill level 10 in Crossbows
 30330 | Orc:2    | Noticed Saint Roka
 30710 | Orc:2    | Killed Saint Roka
 30710 | Orc:2    | Reached skill level 10 in Armour
 31022 | Orc:2    | Found Hokh's Antique Armour Shop.
 31023 | Orc:2    | Found a roughly hewn altar of Beogh.
 31029 | Orc:2    | Found Heaxuc's Antique Weapon Boutique.
 31112 | Orc:2    | Found a roughly hewn altar of Beogh.
 31112 | Orc:2    | Found Mehifug's Magic Scroll Shoppe.
 31228 | Orc:2    | Bought a scroll of identify for 36 gold pieces
 31228 | Orc:2    | Bought a scroll of identify for 36 gold pieces
 31228 | Orc:2    | Bought a scroll of magic mapping for 63 gold pieces
 31228 | Orc:2    | Bought a scroll of fear for 63 gold pieces
 31228 | Orc:2    | Bought a scroll of enchant weapon for 135 gold pieces
 31263 | Orc:2    | Bought a glowing arbalest for 195 gold pieces
 31269 | Orc:2    | Bought a distressingly furry plate armour for 840 gold
                  | pieces
 31269 | Orc:2    | Bought a masterwork scale mail for 270 gold pieces
 31308 | Orc:2    | Found a roughly hewn altar of Beogh.
 31402 | D:10     | Identified the +6 plate armour of Fashionability {rF+ SInv}
                  | (You bought it in a shop on level 2 of the Orcish Mines)
 31403 | D:10     | Identified the +6 scale mail of Pessimism {rElec Regen+
                  | Str+5} (You bought it in a shop on level 2 of the Orcish
                  | Mines)
 31723 | D:12     | Found Pouleah's Antique Armour Emporium.
 31740 | D:12     | Bought a glowing cloak for 247 gold pieces
 32194 | D:13     | Noticed Jorgrun
 32194 | D:13     | Noticed Josephine
 32214 | D:13     | Killed Josephine
 32413 | D:14     | Reached XP level 16. HP: 108/125 MP: 22/22
 32656 | D:14     | Found a gate to the Vaults.
 32664 | D:14     | Reached skill level 14 in Maces & Flails
 33693 | Swamp:1  | Entered Level 1 of the Swamp
 35125 | Swamp:2  | Noticed a thorn hunter
 35130 | Swamp:2  | Killed a thorn hunter
 36482 | Swamp:4  | Entered Level 4 of the Swamp
 36538 | Swamp:4  | Reached XP level 17. HP: 109/131 MP: 24/24
 36846 | Swamp:4  | Reached skill level 10 in Invocations
 37903 | Swamp:4  | Noticed the 27-headed Lernaean hydra
 37953 | Swamp:3  | Killed the 27-headed Lernaean hydra
 38807 | Swamp:4  | Got a decaying rune of Zot
 39246 | D:10     | Upgraded the game from 0.26-a0-665-gefeb406119 to
                  | 0.26-a0-667-g92642533e4
 39319 | Snake:1  | Entered Level 1 of the Snake Pit
 40367 | Snake:1  | Reached skill level 15 in Maces & Flails
 40462 | Snake:1  | Reached XP level 18. HP: 58/140 MP: 23/26
 41302 | Snake:2  | Found a stormy altar of Qazlal.
 41313 | Snake:2  | Got a dazzling scale mail
 42947 | Snake:2  | Noticed Vashnia
 42975 | Snake:2  | Killed Vashnia
 43319 | Snake:2  | Identified the Incunabulum of Hurtful Earth
 43638 | Snake:3  | Found an iron altar of Okawaru.
 43990 | Snake:3  | Got a warped hand crossbow
 45575 | Snake:4  | Entered Level 4 of the Snake Pit
 45588 | Snake:4  | Reached XP level 19. HP: 123/147 MP: 27/27
 46061 | Snake:4  | Found Waqayph's Book Emporium.
 47749 | Snake:4  | Got a serpentine rune of Zot
 47918 | Snake:4  | Identified the +1 scale mail of the Equator {MR+ Dex+5}
                  | (You found it on level 2 of the Snake Pit)
 47919 | Snake:4  | Identified the +2 hand crossbow of Defence by Offence
                  | {penet, Str+3} (You found it on level 3 of the Snake Pit)
 48195 | Elf:1    | Entered Level 1 of the Elven Halls
 48238 | Elf:1    | Killed from afar by a deep elf annihilator

Illustrated notes

Levels and vault maps discovered:
D:1:      psy_arrival_wood_between_worlds, layout_basic
D:2:      layout_basic, hex_medium, st_stairs_3
D:3:      layout_basic, nicolae_tso_carved_into_rock, zin_scriptorium
D:4:      black_bear_nest_1, layout_rooms, uniq_edmund
D:5:      layout_loops_ring, grunt_dithmenos_shadows, hangedman_decor_points,
          nemelex_spade_bored_becter, uniq_pikel, uniq_grinder
D:6:      layout_loops_ring, minmay_temple_entry_antechambers, serial_shops,
          nicolae_shop_stone, xom_redecorated
D:7:      layout_layer_cave, overflow_temple_1_default,
          nicolae_qazlal_general_emergency, enter_bailey_2, uniq_harold
D:8:      layout_loops_corners, lemuel_round_altar
D:9:      layout_irregular_city, orc_0_dummy
D:10:     layout_gridville, grunt_lair_entry_orc_guard_hut, basic_altar
D:11:     layout_cave_pods, basic_altar
D:12:     layout_roguey, enter_trove_0, serial_shops, nicolae_shop_waterfront
D:13:     layout_stronghold, uniq_jorgrun, uniq_josephine
D:14:     layout_cave_pools, erik_vaults_2, grunt_ministairs_8,
          minmay_statue_bubble
Lair:1:   layout_hall_layers, nicolae_volcano_entry_hallway,
          infiniplex_staircase_pool
Lair:2:   layout_regular_city, skrybe_swamp_entry_bodies,
          minmay_snake_entry_guardpost_medium, portal_ice_cave_entry_pillars_1,
          uniq_maggie
Lair:3:   layout_cave_pods
Lair:4:   layout_roguey, grunt_megastairs_4, lemuel_fruit_tree
Lair:5:   layout_loops_ring, dpeg_slime_entry_corner, serial_bayou_shore_a
Lair:6:   wormcave, layout_regular_city, hangedman_lair_in_review,
          infiniplex_staircase_pool_2
Swamp:1:  layout_basic_swamp, evilmike_swamp_ruin_house_6, swamp_pool3
Swamp:2:  layout_falls_marsh, evilmike_swamp_ruin_house_5
Swamp:3:  layout_basic_swamp, evilmike_swamp_ruin_rubble_1
Swamp:4:  swamp_old_school, layout_basic_swamp
Snake:1:  layout_misc_corridors, minmay_snake_pond, grunt_megastairs_1
Snake:2:  nicolae_cobra_stairs, layout_basic, basic_altar, st_stairs_9,
          uniq_vashnia
Snake:3:  layout_chambers, basic_altar
Snake:4:  johnstein_snake_rune_scales, layout_onion_interference, serial_shops,
          shop
Orc:1:    layout_caves
Orc:2:    grunt_orc_community_town_hall, layout_caves,
          grunt_orc_community_big_house_1, grunt_orc_community_big_house_1,
          grunt_orc_community_house_3, grunt_orc_community_house_3,
          grunt_orc_community_house_3, grunt_orc_community_house_2,
          grunt_orc_community_house_3, grunt_orc_community_house_2, basic_altar
Elf:1:    minmay_the_grid_3x3 [minmay_the_grid_odd_star,
          minmay_the_grid_plusring, minmay_the_grid_aliased_spiral,
          minmay_the_grid_empty, minmay_the_grid_minigrid_large,
          minmay_the_grid_pillar_ring, minmay_the_grid_medium_cups,
          minmay_the_grid_dragon_a, minmay_the_grid_prize_big_room],
          layout_loops_cross, hangedman_elf_represent

Skill      XL: |  1  2  3  4  5  6  7  8  9 10 11 12 13 14 15 16 17 18 19 |
---------------+----------------------------------------------------------+-----
Dodging        | 1 2 3 4 5 6 7 8 9 |  9.0
Armour         | 3 4 5 6 7 8 9 10 11 12 13 | 13.2
Fighting       | 4 5 6 7 9 10 11 12 13 | 13.0
Maces & Flails | 3 4 5 6 7 9 10 11 12 13 14 15 | 15.6
Shields        | 1 2 4 5 6 8 9 10 11 12 13 14 | 14.8
Stealth        | 1 3 4 5 6 |  6.1
Throwing       | 1 3 4 6 |  6.8
Invocations    | 5 7 8 9 10 11 12 | 12.5
Evocations     | 1 2 |  2.4
Crossbows      | 1 4 7 9 10 11 12 13 14 | 14.9

Action                   |  1- 3 |  4- 6 |  7- 9 | 10-12 | 13-15 | 16-18 | 19-21 || total
-------------------------+-------+-------+-------+-------+-------+-------+-------++-------
Melee: Mace              |    84 |    73 |       |       |       |       |       ||   157
       Flail             |       |   112 |   221 |   758 |   742 |    13 |    75 ||  1921
       Whip              |       |       |       |    95 |       |       |       ||    95
       Eveningstar       |       |       |       |       |   322 |  1022 |   118 ||  1462
 Fire: Hand crossbow     |       |       |       |    24 |   194 |       |       ||   218
       Arbalest          |       |       |       |       |   182 |   355 |   251 ||   788
Throw: Dart              |       |       |    45 |   261 |    72 |       |       ||   378
       Boomerang         |       |       |       |     8 |       |       |       ||     8
Invok: Depart the Abyss  |     1 |       |       |       |       |       |       ||     1
       Banish            |       |       |       |       |     3 |     1 |     1 ||     5
       Bend Space        |       |       |       |       |       |     2 |       ||     2
 Abil: Dig               |       |     1 |     4 |    21 |    13 |     9 |     3 ||    51
Evoke: Wand              |       |       |       |    15 |       |       |       ||    15
  Use: Scroll            |       |    10 |     1 |    17 |     7 |     4 |     5 ||    44
       Potion            |       |     1 |     1 |       |     2 |     3 |     1 ||     8
 Stab: Sleeping          |       |       |     8 |     5 |       |       |       ||    13
       Paralysed         |       |       |       |     4 |       |       |       ||     4
       Petrified         |       |       |       |       |     3 |       |       ||     3
       Invisible         |       |       |       |       |     2 |       |       ||     2
       Confused          |       |       |       |       |       |     2 |       ||     2
Armor: Leather armour    |     7 |       |       |       |       |       |       ||     7
       Ring mail         |    33 |    86 |    44 |    91 |       |       |       ||   254
       Storm dragon scal |       |       |       |    65 |   206 |       |       ||   271
       Scale mail        |       |       |       |       |    32 |    21 |       ||    53
       Chain mail        |       |       |       |       |       |   373 |    56 ||   429
       Plate armour      |       |       |       |       |       |       |     8 ||     8
Dodge: Dodged            |    81 |   129 |    67 |   200 |   310 |   481 |   130 ||  1398
Block: Other             |       |     9 |    20 |       |       |       |       ||    29
       Kite shield       |       |       |    92 |   500 |   730 |   971 |   221 ||  2514
       Reflection        |       |       |       |    17 |    24 |    71 |    38 ||   150

Table legend: (Time is in decaauts)
 A = Elapsed time spent in this place.
 B = Non-inter-level travel time spent in this place.
 C = Inter-level travel time spent in this place.
 D = Time resting spent in this place.
 E = Time spent auto-exploring this place.
 F = Levels seen in this place.
 G = Mean time per level.
                   A        B        C        D        E       F      G
               +--------+--------+--------+--------+--------+-----+--------+
         Total |  48130 |  44039 |   4091 |   9164 |  25107 |  33 | 1458.5 |
       Dungeon |  20108 |  18214 |   1894 |   3460 |  10946 |  14 | 1436.3 |
          Lair |   9390 |   8555 |    835 |   1197 |   5799 |   6 | 1565.0 |
         Swamp |   5744 |   5208 |    536 |   1208 |   2983 |   4 | 1436.0 |
     Snake Pit |   7909 |   7293 |    616 |   1403 |   3920 |   4 | 1977.2 |
  Orcish Mines |   2844 |   2636 |    208 |    527 |   1378 |   2 | 1422.0 |
   Elven Halls |     33 |     33 |      0 |      0 |      0 |   1 |   33.0 |
         Abyss |     40 |     40 |      0 |      0 |     25 |   1 |   40.0 |
      Ice Cave |   2060 |   2060 |      0 |   1369 |     54 |   1 | 2060.0 |
               +--------+--------+--------+--------+--------+-----+--------+

Top non-repeatable levels by time:
    D:10: 2901 daAuts
  Lair:6: 2508 daAuts
 Swamp:4: 2489 daAuts
     D:2: 2407 daAuts
 Snake:2: 2384 daAuts
 Snake:4: 2338 daAuts
    D:11: 2249 daAuts
  Lair:2: 2222 daAuts
   Orc:2: 2061 daAuts
   IceCv: 2060 daAuts
     D:7: 1736 daAuts
 Snake:1: 1630 daAuts
 Snake:3: 1555 daAuts
     D:5: 1346 daAuts
  Lair:3: 1300 daAuts
